Map: Ephemeron LE

Players

Zoun

  • Race: Protoss Protoss
  • Spawn Location: 11:00

HeroMarine - Winner!

  • Race: Terran Terran
  • Spawn Location: 5:00

Event: IEM Katowice 2020

VOD

Have the link to the VOD?

Description

Time

  • Played on: Feb. 24, 2020, 8:15 a.m.
  • Length: 15:18

All games in this series

Show
View Real Time Build Order
Export as new Build Order

Zoun Protoss 

Build Orders: 1 Gate Expand, Blink Stalkers 

Get SALT Encoding   

  12  0:00  Probe  
  13  0:12  Probe  
  14  0:17  Pylon  
  14  0:25  Probe (Chrono Boost)  
  16  0:37  Probe (Chrono Boost)  
  16  0:39  Gateway  
  16  0:42  Probe (Chrono Boost)  
  16  0:46  Assimilator  
  17  0:52  Probe  
  18  1:04  Probe  
  19  1:16  Probe  
  20  1:26  Cybernetics Core  
  20  1:32  Nexus  
  20  1:35  Probe  
  21  1:42  Pylon  
  21  1:47  Probe  
  21  1:50  Assimilator  
  22  1:59  Probe, Adept (Chrono Boost)  
  23  2:02  Warp Gate  
  25  2:11  Probe  
  26  2:19  Adept (Chrono Boost)  
  28  2:28  Probe, Twilight Council  
  29  2:40  Probe  
  30  2:48  Probe  
  30  2:52  Probe  
  31  3:00  Blink (Chrono Boost)  
  31  3:01  Probe (Chrono Boost)  
  31  3:09  Probe (Chrono Boost)  
  31  3:11  Stalker  
  31  3:12  Probe (Chrono Boost)  
  34  3:18  Probe (Chrono Boost)  
  36  3:20  Pylon  
  36  3:21  Probe (Chrono Boost)  
  36  3:25  Probe (Chrono Boost)  
  37  3:28  Probe (Chrono Boost)  
  37  3:30  Robotics Facility  
  38  3:34  Probe  
  38  3:39  Probe  
  38  3:41  Gateway  
  40  3:46  Gateway  
  40  3:50  Sentry  
  40  3:51  Probe  
  40  3:54  Probe  
  44  4:00  Pylon  
  44  4:03  Probe  
  44  4:05  Shield Battery  
  44  4:07  Phoenix  
  44  4:08  Probe  
  46  4:15  Probe, Stalker  
  49  4:21  Observer  
  49  4:22  Probe  
  51  4:30  Nexus  
  50  4:36  Stalker, Pylon  
  50  4:38  Stalker  
  54  4:43  Assimilator  
  54  4:44  Stalker  
  56  4:47  Observer  
  56  4:49  Pylon  
  56  4:50  Probe  
  51  5:10  Probe x2  
  53  5:16  Gateway x2  
  53  5:19  Gateway  
  53  5:21  Charge (Chrono Boost), Observer  
  53  5:22  Probe (Chrono Boost)  
  53  5:27  Probe (Chrono Boost)  
  55  5:35  Gateway x2  
  56  5:36  Probe (Chrono Boost)  
  56  5:37  Probe (Chrono Boost)  
  56  5:39  Sentry  
  56  5:40  Sentry  
  56  5:41  Observer  
  61  5:43  Warp Prism  
  61  5:47  Probe x2  
  61  5:48  Probe  
  66  6:00  Probe (Chrono Boost)  
  66  6:01  Probe x2 (Chrono Boost)  
  69  6:09  Pylon  
  69  6:10  Sentry  
  69  6:11  Observer  
  72  6:12  Probe (Chrono Boost)  
  72  6:17  Probe x2 (Chrono Boost)  
  72  6:18  Stalker x2  
  78  6:24  Probe  
  79  6:26  Stalker x2  
  79  6:30  Zealot x2  
  87  6:35  Stalker  
  87  6:38  Zealot  
  91  6:41  Pylon  
  91  6:45  Zealot x2  
  93  6:49  Zealot x2  
  97  6:57  Zealot x2  
  97  7:05  Zealot x4  
  103  7:13  Zealot x2, Observer  
  101  7:17  Zealot x2  
  101  7:18  Probe x2  
  101  7:19  Probe  
  108  7:30  Pylon  
  108  7:31  Probe, Pylon  
  108  7:33  Probe  
  108  7:41  Probe  
  108  7:42  Stalker  
  109  7:46  Probe  
  109  7:49  Stalker  
  109  7:50  Stalker  
  111  7:51  Zealot  
  111  7:52  Zealot x3  
  111  7:53  Probe x2  
  115  8:06  Zealot x2  
  115  8:07  Probe x2  
  105  8:13  Zealot x4  
  99  8:20  Probe  
  99  8:21  Probe  
  98  8:28  Sentry x2  
  98  8:29  Zealot x2  
  96  8:34  Zealot x4  
  96  8:36  Probe  
  105  8:42  Probe  
  105  8:43  Probe, Assimilator  
  105  8:47  Robotics Bay  
  107  8:51  Assimilator  
  107  8:52  Sentry, Zealot x2  
  111  9:02  Zealot x2  
  113  9:11  Nexus  
  113  9:13  Pylon  
  113  9:15  Robotics Facility  
  113  9:20  Probe x2  
  115  9:30  Zealot x5  
  123  9:33  Probe  
  123  9:34  Probe x2  
  126  9:49  Forge  
  126  9:53  Probe x3, Forge  
  126  9:54  Stalker  
  126  9:55  Stalker  
  132  10:04  Pylon  
  132  10:05  Pylon  
  132  10:08  Probe, Pylon  
  132  10:13  Protoss Ground Armor Level 1 (Chrono Boost), Protoss Ground Weapons Level 1 (Chrono Boost)  
  133  10:22  Probe, Disruptor x2 (Chrono Boost)  
  133  10:23  Zealot x2  
  140  10:28  Extended Thermal Lance  
  140  10:33  Stalker x3  
  144  10:36  Probe x3  
  144  10:38  Stalker  
  144  10:41  Stalker  
  151  10:45  Probe  
  151  10:48  Probe  
  151  10:54  Disruptor (Chrono Boost)  
  154  10:57  Disruptor (Chrono Boost)  
  151  11:07  Zealot x6  
  151  11:09  Probe x2  
  158  11:22  Zealot  
  158  11:23  Zealot  
  147  11:25  Disruptor (Chrono Boost)  
  147  11:29  Stalker, Zealot x3  
  147  11:32  Stalker x2  
  118  11:40  Probe x2  
  118  11:45  Probe  
  118  11:46  Probe  
  112  11:51  Colossus (Chrono Boost)  
  110  11:55  Assimilator  
  114  12:02  Zealot x3  
  114  12:04  Colossus (Chrono Boost)  
  114  12:08  Probe x2  
  122  12:12  Zealot x4  
  122  12:13  Protoss Ground Weapons Level 2 (Chrono Boost), Protoss Ground Armor Level 2 (Chrono Boost)  
  130  12:24  Zealot x4  
  132  12:31  Probe x2  
  132  12:36  Colossus (Chrono Boost)  
  129  12:47  Zealot  
  129  12:48  Zealot x3  
  132  12:54  Zealot x3  
  132  12:56  Zealot  
  104  13:10  Warp Prism (Chrono Boost)  
  104  13:11  Stalker x3  
  104  13:12  Stalker  
  104  13:13  Observer  
  104  13:16  Probe x3  
  97  13:23  Zealot x4  
  101  13:32  Disruptor (Chrono Boost)  
  104  13:35  Sentry x2, Zealot  
  104  13:36  Zealot  
  104  13:38  Probe x3  
  114  13:46  Zealot x4  
  122  13:49  Colossus (Chrono Boost)  
  128  13:59  Zealot x3  
  134  14:03  Observer (Chrono Boost)  
  134  14:09  Templar Archives  
  135  14:12  Gateway  
  135  14:13  Gateway  
  129  14:29  Stalker x5  
  129  14:31  Zealot  
  141  14:48  Stalker x2  
  143  14:55  High Templar x4  
  143  14:56  Zealot x2  
  143  14:59  Archon  
  153  15:00  Archon  
  136  15:09  Zealot x2  
  136  15:13  Zealot x2  
Show
View Real Time Build Order
Export as new Build Order

HeroMarine Terran - Winner!

Build Orders: Reaper Expand 

Get SALT Encoding   

  12  0:00  SCV  
  13  0:12  SCV  
  14  0:17  Supply Depot  
  14  0:25  SCV  
  15  0:38  SCV  
  15  0:40  Barracks  
  16  0:43  Refinery  
  16  0:50  SCV  
  17  1:03  SCV  
  18  1:15  SCV  
  19  1:28  Reaper, Orbital Command  
  20  1:42  Command Center  
  20  1:49  Supply Depot  
  20  1:53  SCV  
  21  2:00  Marine  
  22  2:05  SCV  
  23  2:11  Factory  
  23  2:18  SCV  
  23  2:20  Marine  
  25  2:23  Bunker  
  25  2:27  Refinery  
  25  2:30  SCV  
  26  2:38  Barracks Reactor  
  26  2:42  SCV  
  27  2:54  SCV  
  27  2:55  Orbital Command  
  28  3:06  SCV, Widow Mine  
  28  3:08  Starport  
  29  3:15  Marine x2  
  29  3:18  SCV  
  32  3:21  SCV  
  35  3:27  Widow Mine  
  35  3:30  SCV  
  35  3:33  SCV, Supply Depot  
  37  3:35  Marine x2  
  39  3:42  SCV  
  39  3:45  SCV, Medivac  
  45  3:48  Widow Mine  
  45  3:49  Barracks  
  45  3:54  SCV, Marine  
  47  3:56  Marine  
  47  3:57  SCV  
  47  3:59  Supply Depot  
  49  4:06  SCV  
  49  4:09  SCV, Barracks  
  51  4:16  Engineering Bay  
  51  4:18  SCV, Starport Tech Lab, Factory Tech Lab  
  51  4:21  Marine x2  
  51  4:22  SCV  
  55  4:26  Refinery  
  55  4:31  SCV  
  56  4:34  SCV  
  56  4:37  Supply Depot  
  57  4:42  Terran Infantry Weapons Level 1  
  57  4:43  SCV, Supply Depot  
  58  4:46  SCV  
  58  4:48  Stimpack  
  58  4:49  Marauder  
  58  4:52  Starport Reactor, Factory Reactor  
  61  4:56  Refinery  
  61  5:00  SCV x2  
  61  5:10  Marauder, Marine x2  
  61  5:12  SCV x2  
  61  5:16  Combat Shield  
  61  5:18  Marauder  
  63  5:21  Supply Depot  
  63  5:28  Medivac x2, Marine x2  
  69  5:31  Widow Mine x2  
  69  5:32  Supply Depot  
  69  5:34  Marauder  
  75  5:39  Marauder  
  77  5:45  Marine  
  77  5:46  Supply Depot, Marine  
  77  5:47  SCV  
  80  5:52  Widow Mine  
  80  5:53  Widow Mine  
  84  5:59  Marauder  
  84  6:00  Marauder  
  84  6:03  Marine x2  
  90  6:05  Medivac x2  
  94  6:18  Supply Depot  
  90  6:19  Widow Mine  
  90  6:20  Widow Mine  
  90  6:21  Marauder  
  90  6:22  Marauder  
  90  6:23  Command Center  
  90  6:25  Marine x2  
  100  6:28  SCV x2  
  100  6:29  Concussive Shells  
  100  6:30  Supply Depot  
  102  6:40  Medivac x2  
  102  6:42  Widow Mine x2  
  109  6:47  Supply Depot  
  109  6:50  Terran Infantry Armor Level 1  
  109  6:51  Marine x2  
  109  6:53  Marauder  
  112  6:54  Marauder  
  113  7:03  SCV x2  
  113  7:13  Marine  
  113  7:14  Marauder, Marine  
  112  7:16  Marauder  
  112  7:18  Medivac  
  112  7:21  Barracks x2  
  116  7:24  Medivac  
  116  7:26  Supply Depot  
  116  7:27  Widow Mine x2  
  116  7:28  SCV  
  123  7:31  SCV  
  123  7:37  Orbital Command  
  123  7:41  SCV  
  123  7:43  SCV  
  129  7:44  Marauder x2  
  129  7:50  Marine x2  
  131  7:53  SCV  
  131  7:55  SCV  
  131  7:57  Liberator  
  134  7:59  Liberator  
  134  8:03  Widow Mine x2  
  140  8:05  SCV  
  140  8:07  SCV  
  130  8:16  Marauder x2  
  130  8:17  Marine x4  
  130  8:19  SCV x2  
  130  8:20  SCV  
  124  8:31  SCV x2  
  124  8:32  SCV  
  122  8:35  Marine x3  
  122  8:36  Widow Mine x2  
  122  8:38  Marauder x2  
  122  8:40  Liberator  
  132  8:43  SCV  
  132  8:45  Marine, Ghost Academy  
  134  8:53  Marine x2, Liberator  
  140  8:59  Marauder, Marine  
  140  9:02  Refinery  
  147  9:03  Refinery, Barracks Tech Lab  
  147  9:06  SCV x3  
  147  9:09  Armory  
  143  9:16  Missile Turret  
  143  9:21  Marine x2  
  143  9:24  Marine  
  149  9:25  Supply Depot  
  144  9:33  SCV x3  
  144  9:34  Ghost x3  
  147  9:43  Marine  
  147  9:44  Command Center  
  148  9:48  Viking  
  148  9:49  Viking  
  148  9:50  Marine x3  
  155  9:57  Enhanced Shockwaves  
  155  9:58  Engineering Bay  
  155  10:01  Marine  
  155  10:03  Marine  
  157  10:08  Supply Depot  
  157  10:09  Terran Infantry Weapons Level 2  
  157  10:12  Marauder x2  
  161  10:16  SCV x3  
  165  10:21  Marauder  
  165  10:22  Marine  
  165  10:29  Terran Infantry Armor Level 2  
  165  10:30  Supply Depot  
  165  10:48  Marine x2  
  165  10:51  Marauder x3  
  165  10:52  Supply Depot  
  165  10:53  Supply Depot  
  165  10:56  Marine x2  
  172  10:58  Supply Depot  
  172  10:59  Missile Turret  
  172  11:03  SCV x3  
  174  11:06  Marine x2  
  172  11:11  Medivac x2  
  172  11:12  Marine x2  
  172  11:15  SCV x3  
  168  11:29  Marine x2  
  168  11:30  Marauder, Marine x3  
  168  11:31  Marauder  
  152  11:37  SCV  
  152  11:38  SCV  
  149  11:44  Planetary Fortress  
  149  11:47  Marine x3  
  149  11:48  SCV, Marauder, Marine  
  149  11:49  SCV  
  149  11:51  SCV, Marauder, Marine  
  154  12:03  Terran Ship Weapons Level 1  
  154  12:05  Marine x4, Barracks x2  
  154  12:06  Barracks  
  154  12:10  Marauder x2  
  154  12:11  Medivac x2  
  154  12:12  Marauder  
  164  12:23  Marine  
  164  12:30  Ghost x2  
  164  12:33  Ghost  
  164  12:34  Marine x3  
  170  12:38  Refinery x2  
  170  12:39  Terran Infantry Weapons Level 3  
  170  12:41  Marine  
  170  12:42  Command Center  
  171  12:51  Marine  
  171  12:52  Marine x2  
  171  12:57  Marine x3  
  162  12:58  Marine  
  162  13:00  Marauder x2  
  162  13:02  Marauder  
  141  13:09  Marine x2  
  141  13:10  Marine  
  135  13:16  Barracks Tech Lab  
  135  13:17  Barracks Reactor  
  135  13:18  Starport  
  135  13:19  Factory Reactor  
  130  13:20  Marine  
  130  13:21  Marauder x2  
  130  13:22  Barracks Tech Lab  
  130  13:24  Marauder  
  136  13:27  Marine x3  
  136  13:32  Viking x2  
  138  13:37  Marauder  
  140  13:42  Ghost, Marauder x2  
  140  13:45  Marauder  
  148  13:49  Marine x3  
  148  13:50  Marine  
  152  13:57  Missile Turret  
  152  13:59  Missile Turret, Marauder  
  152  14:02  Viking  
  156  14:04  Marauder x2  
  156  14:07  Viking, Marauder, Marine  
  165  14:12  Marauder  
  165  14:15  Missile Turret  
  167  14:18  Marine x3  
  167  14:20  Medivac x2, Marauder  
  176  14:24  Ghost x2  
  176  14:25  Marine  
  176  14:26  Marine x2  
  176  14:27  Planetary Fortress  
  176  14:28  Marauder  
  185  14:33  Marauder  
  183  14:39  Viking x2  
  183  14:41  Marauder  
  182  14:49  Marauder  
  182  14:50  SCV x3  
  182  14:52  Marine x2  
  190  14:54  Marauder x3  
  190  14:56  Marine x2  

Tags
 
Add a new tag
Caveats
  • Supply blocks, unpowered buildings, or Contaminate may cause inaccurate times.
  • Supply counts are checked every 10 seconds.